 Dungeon Crawl Stone Soup version 0.25-a0-734-g73332aeda9 (webtiles) character file.

Game seed: 14284930023316594024, levelgen mode: deterministic

158 kae the Gusty (level 5, -5/29 HPs)
             Began as a Tengu Air Elementalist on Apr 10, 2020.
             Slain by a centaur (8 damage)
             ... on level 3 of the Dungeon.
             The game lasted 00:03:14 (2916 turns).

kae the Gusty (Tengu Air Elementalist)              Turns: 2916, Time: 00:03:15

Health: -5/29      AC:  2    Str:  8    XL:     5   Next: 39%
Magic:  3/10       EV: 13    Int: 16    God:
Gold:   93         SH:  0    Dex: 15    Spells: 3/9 levels left

rFire    . . .     SeeInvis .   b - +0 hand axe
rCold    + . .     Gourm    .   (no shield)
rNeg     . . .     Faith    .   a - +0 robe
rPois    .         Spirit   .   (helmet restricted)
rElec    .         Reflect  .   (no cloak)
rCorr    .         Harm     .   (no gloves)
MR       .....                  (boots unavailable)
Stlth    +++.......             (no amulet)
HPRegen  0.09/turn              g - ring of stealth
MPRegen  0.12/turn              j - ring of protection from cold

@: no status effects
A: beak, talons 3, able to fly
a: Fly


You were on level 3 of the Dungeon.
You were not hungry.

You visited 1 branch of the dungeon, and saw 3 of its levels.

You collected 93 gold pieces.

Inventory:

Hand Weapons
 b - a +0 hand axe (weapon)
Armour
 a - a +0 robe (worn)
Jewellery
 g - a ring of stealth (left hand)
 j - a ring of protection from cold (right hand)
Wands
 i - a wand of paralysis (8)
Scrolls
 d - 2 scrolls of identify
 k - a scroll of teleportation
 m - a scroll of remove curse
Potions
 e - a potion of heal wounds {unknown}
 f - a potion of cancellation
 l - 2 potions of resistance
 n - a potion of mutation
Comestibles
 c - 10 rations
 h - 3 chunks of flesh


   Skills:
 + Level 1.3 Fighting
 - Level 2.5 Dodging
 - Level 2.3 Stealth
 + Level 2.8 Spellcasting
 * Level 4.0 Conjurations
 + Level 5.0 Air Magic


You had 3 spell levels left.
You knew the following spells:

 Your Spells              Type           Power        Failure   Level  Hunger
a - Shock                 Conj/Air       ###.         3%          1    #......
b - Static Discharge      Conj/Air       ###.....     9%          3    ###....
c - Swiftness             Chrm/Air       ##......     11%         2    ##.....

Your spell library contained the following spells:

 Spells                   Type           Power        Failure   Level  Hunger
 Animate Skeleton         Necr           N/A          19%         1    #......
 Apportation              Tloc           #.....       19%         1    #......
 Corona                   Hex            #......      19%         1    #......
 Summon Small Mammal      Summ           #...         19%         1    #......
 Airstrike                Air            ###.......   24%         4    #####..
 Lightning Bolt           Conj/Air       ###.......   63%         5    ######.


Dungeon Overview and Level Annotations

Branches:
Dungeon (3/15)

Altars:
Makhleb

Annotations:
D:3 Natasha, Terence


Innate Abilities, Weirdness & Mutations

You have a beak for a mouth.
You have claws for feet.
You can fly continuously.


Message History

You closely miss the hobgoblin. The centaur hits you.
The centaur hits you but does no damage.
The hobgoblin closely misses you.
Casting: Shock (safe; 3% risk of failure)
Confirm with . or Enter, or press ? or * to list all spells.
The centaur is struck by an arc of lightning!
The centaur is heavily wounded.
The hobgoblin is struck by an arc of lightning.
You kill the hobgoblin!
The lightning grounds out.
The centaur misses you. The centaur barely misses you. The centaur hits you!
Casting: Static Discharge (safe; 9% risk of failure)
Confirm with . or Enter, or press ? or * to list all spells.
The centaur is struck by an arc of lightning!
The centaur is severely wounded.
You are struck by an arc of lightning.
The lightning grounds out.
The centaur hits you.
* * * LOW HITPOINT WARNING * * *
The centaur barely misses you. The centaur hits you!
You die...

.≈≈ ≈≈≈≈ ##.# ≈≈≈≈≈
#######.. ## @≈≈≈≈≈≈
..≈≈).... h .≈≈≈≈≈≈
≈≈.≈..... .# %≈≈≈≈≈≈
≈≈≈≈≈≈..####.# ..≈≈≈≈≈
≈≈≈≈≈≈≈≈.#^†..# ..≈≈≈≈≈
≈≈≈≈≈≈≈≈[...@c..# #...≈≈≈
#..≈≈≈≈♣.≈≈≈...####......
.##.... #..≈≈≈≈_≈≈≈≈≈..#
#.### .......
#..≈≈≈.≈≈≈≈≈...# ..
####.## #..≈≈≈≈≈≈≈≈≈...#
. . #.≈≈≈≈≈≈≈≈≈≈≈..#
#.≈≈≈≈≈≈≈≈≈≈≈≈.#
#≈≈.≈≈..≈≈≈..≈##
#.....≈.....≈≈#


You could see a centaur.

Vanquished Creatures
  Ijyb (D:3)
  3 adders
  4 gnolls (D:3)
  A worm (D:2)
  A dart slug (D:1)
  A leopard gecko (D:3)
  An orc (D:3)
  4 giant cockroaches
  13 goblins
  5 hobgoblins
  8 kobolds
  2 quokkas (D:2)
  5 bats
  7 frilled lizards
  8 rats
64 creatures vanquished.

Notes
Turn   | Place    | Note
-------+----------+-------------------------------------------
     0 | D:1      | kae the Tengu Air Elementalist began the quest for the Orb.
     0 | D:1      | Reached XP level 1. HP: 10/10 MP: 4/4
    42 | D:1      | Reached XP level 2. HP: 6/15 MP: 3/6
   685 | D:2      | Reached XP level 3. HP: 17/19 MP: 2/7
  1653 | D:2      | Reached XP level 4. HP: 24/24 MP: 2/8
  2095 | D:3      | Found a burning altar of Makhleb.
  2258 | D:3      | Learned a level 3 spell: Static Discharge
  2261 | D:3      | Learned a level 2 spell: Swiftness
  2423 | D:3      | Reached skill level 1 in Fighting
  2455 | D:3      | Noticed Ijyb
  2528 | D:3      | Noticed Terence
  2586 | D:3      | Killed Ijyb
  2586 | D:3      | Gained mutation: You can fly continuously. [Tengu growth]
  2586 | D:3      | Reached XP level 5. HP: 15/29 MP: 0/10
  2838 | D:3      | Reached skill level 5 in Air Magic
  2850 | D:3      | Found a faded altar of an unknown god.
  2907 | D:3      | Noticed a centaur
  2909 | D:3      | Noticed Natasha
  2916 | D:3      | Slain by a centaur

Levels and vault maps discovered:
D:1:      wander_arrival_lonely_grave, layout_basic
D:2:      layout_basic, first_ration
D:3:      layout_rooms, chequers_ecumenical_altar_island, lemuel_altar_in_water,
          uniq_terence, uniq_ijyb, uniq_natasha

Skill      XL: |  1  2  3  4  5 |
---------------+----------------+-----
Conjurations   | 2 3 4 |  4.0
Fighting       | 1 |  1.3
Air Magic      | 5 |  5.0
Dodging        | |  2.5
Stealth        | |  2.3
Spellcasting   | |  2.8

Action                   |  1- 3 |  4- 6 || total
-------------------------+-------+-------++-------
Melee: Hand axe          |    58 |    38 ||    96
       Kick              |    12 |    16 ||    28
       Peck              |     4 |     3 ||     7
 Cast: Shock             |    47 |    48 ||    95
       Static Discharge  |       |     3 ||     3
  Use: Scroll            |     3 |     7 ||    10
       Potion            |       |     1 ||     1
 Stab: Sleeping          |     6 |       ||     6
       Invisible         |       |     1 ||     1
  Eat: Chunk             |     3 |     5 ||     8
Armor: Robe              |    10 |     9 ||    19
Dodge: Dodged            |    55 |    56 ||   111

Table legend:
 A = Non-vault XP
 B = Vault XP
 C = Vault XP percentage of total XP
 D = Non-vault monster count
 E = Vault monster count
 F = Vault count percentage of total count
                 A         B        C        D         E       F
            +---------+---------+-------+---------+---------+-------
      Total |     190 |      36 |  15.9 |      63 |       1 |   1.6
            +---------+---------+-------+---------+---------+-------
        D:1 |      31 |       0 |   0.0 |      18 |       0 |   0.0
        D:2 |      54 |       0 |   0.0 |      25 |       0 |   0.0
        D:3 |     105 |      36 |  25.5 |      20 |       1 |   4.8
            +---------+---------+-------+---------+---------+-------
